 Dungeon Crawl Stone Soup version 0.18-a0-816-g97f838e (webtiles) character file.

77 cluie the Conjurer (level 4, 0/32 HPs)
             Began as a Demonspawn Conjurer on Dec 15, 2015.
             Slain by an orc
             ... wielding a +0 war axe
              (3 damage)
             ... on level 3 of the Dungeon.
             The game lasted 00:01:57 (1859 turns).

cluie the Conjurer (Demonspawn Conjurer)            Turns: 1859, Time: 00:01:57

Health: 0/32       AC:  7    Str:  8    XL:     4   Next: 14%
Magic:  1/8        EV: 12    Int: 17    God:
Gold:   100        SH:  0    Dex: 14    Spells: 2 memorised, 5 levels left

rFire  . . .     SeeInvis .     d - +1 dagger (protect)
rCold  + . .     Clarity  .     a - +0 robe
rNeg   . . .     SustAt   .     (no shield)
rPois  +         Gourm    .     (no helmet)
rElec  .         Spirit   .     (no cloak)
rCorr  .         Dismiss  .     (no gloves)
rMut   .         Stasis   .     (no boots)
MR     .....                    (no amulet)
Stlth  ++++......               j - ring of poison resistance
                                f - ring of protection from cold

@: not resistant to hostile enchantments, stealthy
A: nightstalker 2
a: no special abilities


You were on level 3 of the Dungeon.
You were not hungry.

You visited 1 branch of the dungeon, and saw 3 of its levels.

You collected 100 gold pieces.

Inventory:

Hand Weapons
 d - a +1 dagger of protection (weapon)
Armour
 a - a +0 robe (worn)
Jewellery
 f - a ring of protection from cold (left hand)
 j - a ring of poison resistance (right hand)
Wands
 r - a wand of frost (19)
Scrolls
 e - a scroll of teleportation {unknown}
 g - a scroll of fog {unknown}
 l - 3 scrolls of immolation {unknown}
 m - a scroll of fear {unknown}
 o - a scroll of remove curse {unknown}
 p - a scroll of identify {unknown}
Potions
 h - a potion of curing {unknown}
 i - a potion of heal wounds {unknown}
Books
 b - a book of Conjurations

   Spells                             Type                      Level
   a - Magic Dart                     Conjuration                  1
   b - Searing Ray                    Conjuration                  2
   c - Dazzling Spray                 Conjuration/Hexes            3
   d - Fulminant Prism                Conjuration/Hexes            4
   e - Iskenderun's Mystic Blast      Conjuration                  4
   f - Iskenderun's Battlesphere      Conjuration/Charms           5
Comestibles
 c - a bread ration
 k - a meat ration
 n - 2 fruits
 q - 4 chunks of flesh


   Skills:
 + Level 1.4 Fighting
 - Level 1.7 Dodging
 - Level 1.7 Stealth
 + Level 2.8 Spellcasting
 * Level 4.9 Conjurations


You had 5 spell levels left.
You knew the following spells:

 Your Spells              Type           Power        Failure   Level  Hunger
a - Magic Dart            Conj           ###.         2%          1    #......
b - Searing Ray           Conj           ###...       3%          2    ##.....


Dungeon Overview and Level Annotations

Branches:
Dungeon (3/15)

Altars:
Sif Muna
Vehumet
Xom


Innate Abilities, Weirdness & Mutations

You are significantly more attuned to the shadows.


Message History

The jackal is severely wounded.
The jackal closely misses you.
You hit the jackal.
You kill the jackal!
The orc throws a tomahawk.
The tomahawk barely misses you. The orc hits you with a war axe.
* * * LOW HITPOINT WARNING * * *
You see here a jackal corpse.
You hit the orc.
The orc is heavily wounded.
The orc hits you but does no damage.
Casting: Magic Dart
Confirm with . or Enter, or press ? or * to list all spells.
Aiming: Magic Dart
Press: ? - help, Shift-Dir - straight line, f - orc
Aim: an orc, wielding a war axe (heavily wounded)
The magic dart hits the orc.
The orc is severely wounded.
The orc hits you with a war axe.
You die...

#.# #.# #h# #.# #)###
##.## #...######...###
##### #..(....##.#...#
#...# #............#.#
#####...###.#.###.#.####.#
...........(#)# #.#.# #.#
#...........#@# #.#.####.#
#......).....o# #.#......#
#...........#####...######
#.......##.####...#.####
#.......##.............#
#......)#######.#.#.##.#
#.....### #.#.#.##.#
###.### #.#.#.##.# #.#
#.#.#.##.#


You could see an orc.

Vanquished Creatures
  An orc priest (D:3)
  An adder (D:3)
  2 worms (D:3)
  A giant gecko (D:1)
  4 orcs (D:3)
  A ball python (D:1)
  3 hobgoblins
  A kobold (D:3)
  A bat (D:1)
  4 giant cockroaches
  4 goblins
  6 jackals
  3 rats
32 creatures vanquished.

Notes
Turn   | Place    | Note
--------------------------------------------------------------
     0 | D:1      | cluie the Demonspawn Conjurer began the quest for the Orb.
     0 | D:1      | Reached XP level 1. HP: 13/13 MP: 3/3
   321 | D:1      | Gained mutation: You are slightly more attuned to the shadows. [demonic ancestry]
   321 | D:1      | Reached XP level 2. HP: 14/20 MP: 1/5
   714 | D:2      | Found a shimmering altar of Xom.
   714 | D:2      | Found a shimmering altar of Xom.
   715 | D:2      | Found a shimmering altar of Xom.
   717 | D:2      | Found a shimmering altar of Xom.
   733 | D:2      | Found a shimmering altar of Xom.
   733 | D:2      | Found a shimmering altar of Xom.
  1045 | D:3      | Learned a level 2 spell: Searing Ray
  1527 | D:3      | Reached XP level 3. HP: 25/25 MP: 3/6
  1648 | D:3      | Found a deep blue altar of Sif Muna.
  1686 | D:3      | Found a radiant altar of Vehumet.
  1820 | D:3      | Reached skill level 1 in Fighting
  1820 | D:3      | Gained mutation: You are significantly more attuned to the shadows. [demonic ancestry]
  1820 | D:3      | Reached XP level 4. HP: 12/32 MP: 1/8
  1859 | D:3      | Slain by an orc

Vault maps used:
D:1:      scummos_arrival_gate
D:2:      xom_redecorated, grunt_decor_clamped
D:3:      vehumet_altar_wand_db, lemuel_round_altar, lexackson_kobold_supper

Action                   |  1- 3 |  4- 6 || total
-------------------------+-------+-------++-------
Melee: Dagger            |    79 |    20 ||    99
 Cast: Magic Dart        |     9 |     3 ||    12
       Searing Ray       |     4 |     1 ||     5
 Stab: Sleeping          |     4 |       ||     4
  Eat: Chunk             |     3 |       ||     3
